 Dungeon Crawl Stone Soup version 0.17-a0-1567-gdd419b1 (webtiles) character file.

77 mrath the Covered (level 4, -5/40 HPs)
             Began as a Minotaur Fighter on July 22, 2015.
             Slain by a gnoll
             ... wielding a +0 spear of venom
              (7 damage)
             ... on level 2 of the Dungeon.
             The game lasted 00:09:28 (1049 turns).

mrath the Covered (Minotaur Fighter)                Turns: 1049, Time: 00:09:37

Health: -5/40      AC:  7    Str: 22    XL:     4   Next: 14%
Magic:  3/3        EV:  8    Int:  5    God:
Gold:   124        SH:  9    Dex:  9    Spells: 0 memorised, 3 levels left

rFire  . . .     SeeInvis .     a - +0 war axe
rCold  . . .     Clarity  .     b - +0 scale mail
rNeg   . . .     SustAt   .     c - +0 shield
rPois  .         Gourm    .     (helmet restricted)
rElec  .         Spirit   .     (no cloak)
rCorr  .         Warding  .     (no gloves)
rMut   .         Stasis   .     (no boots)
MR     .....                    (no amulet)
Stlth  ..........               (no ring)
                                (no ring)

@: lethally poisoned (-5 -> -11), not resistant to hostile enchantments,
extremely unstealthy
A: retaliatory headbutt, horns 2
a: no special abilities


You were on level 2 of the Dungeon.
You were not hungry.

You visited 1 branch of the dungeon, and saw 2 of its levels.

You collected 124 gold pieces.

Inventory:

Hand weapons
 a - a +0 war axe (weapon)
 g - a +0 spear
 o - a +0 short sword of venom
 q - a +0 hunting sling
 x - a +0 mace
Missiles
 h - 8 poisoned needles
 l - 77 stones (quivered)
Armour
 b - a +0 scale mail (worn)
 c - a +0 shield (worn)
Scrolls
 i - a scroll of blinking {unknown}
 k - 2 scrolls of remove curse {unknown}
 m - a scroll of recharging {unknown}
 t - a scroll of noise {unknown}
 u - a scroll of identify {unknown}
 v - a scroll of enchant weapon {unknown}
Potions
 d - a potion of might
 n - a potion of ambrosia {unknown}
 r - a potion of mutation {unknown}
 s - a potion of curing {unknown}
 w - 2 potions of agility {unknown}
Comestibles
 e - 2 bread rations
 f - 3 meat rations
 j - 2 chunks of flesh
 p - 2 fruits


   Skills:
 + Level 4.1 Fighting
 + Level 3.2 Axes
 + Level 4.4 Armour
 + Level 0.9 Dodging
 + Level 4.4 Shields


You had 3 spell levels left.
You didn't know any spells.

Dungeon Overview and Level Annotations

Branches:
Dungeon (2/15)

Altars:


Innate Abilities, Weirdness & Mutations

You reflexively headbutt those who attack you in melee.
You have a pair of horns on your head.


Message History

The gnoll barely misses you.
You hit the gnoll but do no damage. You headbutt the gnoll!
The gnoll is heavily wounded.
Your shield prevents you from hitting the gnoll.
The gnoll is moderately wounded.
You feel sick. The gnoll hits you but does no damage.
You are lethally poisoned!
Something hits you but does no damage. You block the gnoll's attack.
You slash the gnoll!
You kill the gnoll!
Your Axes skill increases to level 3!
You have reached level 4!
You feel stronger.
You hit the gnoll but do no damage.
The gnoll is moderately wounded.
* * * LOW HITPOINT WARNING * * *
You feel sick. You block the gnoll's attack. Something hits you.
* * * LOW HITPOINT WARNING * * *
The gnoll hits you with a spear of venom!
You die...

#.# ##...##............. #.#
##..##......##..#.#.. #.#
##...##.###.......[...
#####.######..#.##.##...##.##.#..
......##...#.#..#.....####.##.#>.
.......#<..#.#.##....# #...##..#.
.......#...<.#...(..####.#####.#.
.......#...###.##g..(....#####...
...........)....@)...(...........
.......#...##(>######.(.......##.
.......#...#..####..)..#.####....
.......#...#.###...##.##......#..
......##.....###.####.###.#..##.#
######......##..>.........##.#...
##.......##.#..........##.....
#...........#..........##.....
#.........####........###.....


You could see a gnoll.

Vanquished Creatures
  A gnoll (D:2)
  An adder (D:2)
  An ooze (D:2)
  A giant gecko (D:1)
  4 giant cockroaches
  3 hobgoblins
  8 jackals
  6 bats
  10 goblins
  6 kobolds
  A quokka (D:2)
  4 rats
46 creatures vanquished.

Notes
Turn   | Place    | Note
--------------------------------------------------------------
     0 | D:1      | mrath the Minotaur Fighter began the quest for the Orb.
     0 | D:1      | Reached XP level 1. HP: 19/19 MP: 0/0
   289 | D:1      | Reached XP level 2. HP: 27/27 MP: 1/1
   371 | D:1      | Reached skill level 4 in Fighting
   531 | D:1      | Reached XP level 3. HP: 33/33 MP: 2/2
  1049 | D:2      | Reached XP level 4. HP: 8/40 MP: 3/3
  1049 | D:2      | HP: 2/40 [something (5)]
  1049 | D:2      | Slain by a gnoll

Vault maps used:
D:1:      dpeg_arrival_arbitrary_c, minmay_quantized
D:2:      first_bread

Action                   |  1- 3 |  4- 6 || total
-------------------------+-------+-------++-------
Melee: War axe           |    83 |       ||    83
Throw: Stone             |     6 |       ||     6
  Eat: Chunk             |     1 |       ||     1
